 Dungeon Sprint DCSS version 0.29.1-15-g9cfb28693d (webtiles) character file.

Game seed: 14624574566743816663

353 Groucho the Covert (level 6, 0/28 HPs)
             Began as a Spriggan Enchanter on Mar 18, 2023.
             Was an Elder of Dithmenos.
             Slain by a wight
             ... wielding a +4 long sword
              (17 damage)
             ... in the Dungeon (Sprint VII: "The Pits").
             The game lasted 00:02:43 (402 turns).

Groucho the Covert (Spriggan Enchanter)              Turns: 402, Time: 00:02:43

Health: 0/28       AC:  2    Str:  6    XL:     6   Next: 35%
Magic:  11/17      EV: 17    Int: 17    God:    Dithmenos [****..]
Gold:   0          SH:  0    Dex: 15    Spells: 8/19 levels left

rFire   . . .      SeeInvis +   m - +2 dagger (venom)
rCold   . . .      Faith    .   (no shield)
rNeg    . . .      Spirit   .   b - +0 robe
rPois   .          Reflect  .   (helmet restricted)
rElec   .          Harm     .   (no cloak)
rCorr   .          Rampage  .   (gloves unavailable)
Will    +....      NoTele   +   (boots unavailable)
Stlth   ++++++++..              (no amulet)
HPRegen 0.09/turn               (no ring)
MPRegen 0.15/turn               (no ring)

@: wreathed by umbra, invisible, very quick
A: very small, no large weapons, unfitting armour, see invisible, speed 3
a: Renounce Religion, Shadow Step


You were in the Dungeon.
You worshipped Dithmenos.
Dithmenos was greatly pleased with you.
You visited 1 branch

Inventory:

Hand Weapons
 a - a +2 dagger
 m - a +2 dagger of venom (weapon)
Missiles
 l - 10 stones (quivered)
Armour
 b - a +0 robe (worn)
Scrolls
 i - a scroll of blinking
 j - 5 scrolls of amnesia
 k - a scroll of summoning
Potions
 c - 2 potions of invisibility
 d - 3 potions of heal wounds
 e - 5 potions of curing
 f - a potion of haste
 g - 4 potions of magic
 h - 3 potions of berserk rage


   Skills:
 + Level 6.0 Short Blades
 - Level 2.6 Dodging
 * Level 12.8 Stealth
 + Level 7.2 Spellcasting
 + Level 7.6 Hexes
 + Level 5.2 Invocations


You had 8 spell levels left.
You knew the following spells:

 Your Spells              Type           Power      Damage    Failure   Level
a - Ensorcelled Hibernat  Hex/Ice        38%        N/A       3%          2
b - Confusing Touch       Hex            32%        N/A       1%          3
c - Dazzling Flash        Conj/Hex       38%        N/A       7%          3
d - Tukima's Dance        Hex            32%        N/A       1%          3

Your spell library contained the following spells:

 Spells                   Type           Power      Damage    Failure   Level


Dungeon Overview and Level Annotations

Branches:
Dungeon (1/1)

Altars:
Ashenzari
Cheibriados
Dithmenos
Elyvilon
Fedhas
Gozag
Hepliaklqana
Kikubaaqudgha
Makhleb
Nemelex Xobeh
Okawaru
Qazlal
Ru
Sif Muna
Trog
Uskayaw
Vehumet
Wu Jian
Xom
Yredelemnul
Zin
The Shining One
Jiyva
Lugonu


Innate Abilities, Weirdness & Mutations

You are very small and have problems with some larger weapons.
You are too small for most types of armour.
You have supernaturally acute eyesight. (SInv)
You cover ground extremely quickly. (Speed+++)


Message History

The orc is moderately wounded.
The orc misses you.
You closely miss the orc.
The orc is moderately wounded.
Your shadow closely misses the orc.
The orc closely misses you.
Unknown command.
You hit the orc.
You kill the orc!
Dithmenos accepts your kill.
The orc wizard hits you but does no damage.
You catch the helpless orc wizard completely off-guard!
You skewer the orc wizard like a kebab!!!
You kill the orc wizard!
Dithmenos accepts your kill.
Your Invocations skill increases to level 5!
Unknown command.
The orc wizard hits you with a +0 dagger.
Items here: ))) [[[ †.
You closely miss the orc wizard.
The orc wizard hits you with a +0 dagger.
Unknown command.
You miss the orc wizard. You hit the orc wizard.
The orc wizard is poisoned.
The orc wizard is lightly wounded.
The wight misses you. The orc wizard misses you.
An orc comes into view. It is wielding a +0 flail.
Unknown command.
You catch the helpless orc wizard completely off-guard!
You stick the orc wizard like a pincushion!!!
You kill the orc wizard!
Dithmenos accepts your kill. The wight barely misses you. x2
Your Short Blades skill increases to level 6!
Unknown command.
You hit the wight.
The wight is lightly damaged.
The wight closely misses you.
The wight hits you with a +4 long sword!
Ouch! That really hurt!
You die...

#.#..'..#.)#####'#
#.#..####))##.....
#.#..#).#))##.....
#.#..#..#..##.....
#.##'#..#'###...<.
#.#...†....##.....
#.#.....)..##.....
#)###########.....
#@z.†..o# ######
#rz###..#
#o...r..#
##.###.## ... o.##
#... ####


You could see 2 wights, an orc priest (unable to see you), an orc (wandering,
unable to see you) and a rat (unable to see you).

Vanquished Creatures
  A kobold brigand (D)
  A bullfrog (D)
  A wight (D)
  2 orc priests (D)
  3 orc wizards (D)
  An adder (D)
  A gnoll (D)
  An ufetubus (D)
  2 orcs (D)
  A bat zombie (D)
  An endoplasm (D)
  A giant cockroach (D)
  2 quokkas (D)
  A kobold (D)
19 creatures vanquished.

Notes
Turn   | Place    | Note
-------+----------+-------------------------------------------
     0 | D        | Groucho the Spriggan Enchanter began the quest for the Orb.
     0 | D        | Reached XP level 1. HP: 9/9 MP: 5/5
    43 | D        | Found a bloodstained altar of Trog.
    43 | D        | Found a shimmering blue altar of Sif Muna.
    43 | D        | Found a viscous altar of Jiyva.
    43 | D        | Found a hazy altar of Hepliaklqana.
    43 | D        | Found an opulent altar of Gozag.
    44 | D        | Found a glowing golden altar of the Shining One.
    44 | D        | Found a glowing silver altar of Zin.
    44 | D        | Found a basalt altar of Yredelemnul.
    44 | D        | Found a shimmering altar of Xom.
    44 | D        | Found an ornate altar of the Wu Jian Council.
    44 | D        | Found a sacrificial altar of Ru.
    44 | D        | Found a stormy altar of Qazlal.
    44 | D        | Found an iron altar of Okawaru.
    44 | D        | Found a sparkling altar of Nemelex Xobeh.
    44 | D        | Found a burning altar of Makhleb.
    44 | D        | Found a blossoming altar of Fedhas.
    44 | D        | Found a white marble altar of Elyvilon.
    44 | D        | Found a shadowy altar of Dithmenos.
    44 | D        | Found a snail-covered altar of Cheibriados.
    46 | D        | Found a radiant altar of Vehumet.
    46 | D        | Found a corrupted altar of Lugonu.
    47 | D        | Found a hide-covered altar of Uskayaw.
    47 | D        | Found an ancient bone altar of Kikubaaqudgha.
    47 | D        | Found a broken altar of Ashenzari.
    66 | D        | Became a worshipper of Dithmenos the Shadowed
    85 | D        | Reached skill level 5 in Stealth
    98 | D        | Reached * piety under Dithmenos
    99 | D        | Reached skill level 6 in Stealth
    99 | D        | Reached skill level 1 in Invocations
    99 | D        | Reached XP level 2. HP: 3/13 MP: 5/7
   111 | D        | Noticed a kobold brigand
   114 | D        | Killed a kobold brigand
   114 | D        | Reached ** piety under Dithmenos
   115 | D        | Reached skill level 8 in Stealth
   115 | D        | Reached skill level 5 in Hexes
   115 | D        | Reached XP level 3. HP: 16/16 MP: 7/10
   115 | D        | Reached XP level 4. HP: 21/21 MP: 7/11
   116 | D        | Reached skill level 9 in Stealth
   116 | D        | Reached skill level 5 in Spellcasting
   352 | D        | Learned a level 2 spell: Ensorcelled Hibernation
   356 | D        | Learned a level 3 spell: Confusing Touch
   360 | D        | Learned a level 3 spell: Dazzling Flash
   364 | D        | Learned a level 3 spell: Tukima's Dance
   366 | D        | Noticed a bullfrog
   368 | D        | Killed a bullfrog
   369 | D        | Reached skill level 10 in Stealth
   369 | D        | Reached XP level 5. HP: 22/24 MP: 8/14
   376 | D        | Reached *** piety under Dithmenos
   381 | D        | Reached skill level 5 in Short Blades
   381 | D        | Reached skill level 11 in Stealth
   392 | D        | Reached skill level 12 in Stealth
   392 | D        | Reached XP level 6. HP: 21/28 MP: 10/16
   392 | D        | Reached **** piety under Dithmenos
   397 | D        | Reached skill level 5 in Invocations
   402 | D        | Slain by a wight

Illustrated notes

Levels and vault maps discovered:
D:        pitsprint [storerooms_1, entrance_room_1, metal_vault_5, armoury_2,
          mini_pit_1, grid_room_1, main_hall_1, silver_pit, the_coven_1,
          the_vestibule_1, steel_vault_4, golden_pit, hallway_of_sentries,
          crystal_vault_4, iron_vault_5, final_vault]

Skill      XL: |  1  2  3  4  5  6 |
---------------+-------------------+-----
Stealth        | 6 8 10 12 | 12.8
Spellcasting   | 3 4 6 7 |  7.2
Hexes          | 4 5 6 7 |  7.6
Short Blades   | 2 3 4 5 6 |  6.0
Invocations    | 1 2 3 4 5 |  5.2
Dodging        | |  2.6

Action                   |  1- 3 |  4- 6 || total
-------------------------+-------+-------++-------
Melee: Dagger            |    16 |    30 ||    46
Invok: Shadow Step       |       |     1 ||     1
  Use: Potion            |     3 |     3 ||     6
 Stab: Sleeping          |     3 |     3 ||     6
       Invisible         |     2 |     7 ||     9
Armor: Robe              |     1 |     2 ||     3
Dodge: Dodged            |    16 |    18 ||    34
